 Dungeon Crawl Stone Soup version 0.19.5 (webtiles) character file.

2835 nikopol the Fighter (level 9, -3/123 HPs)
             Began as a Minotaur Berserker on Mar 26, 2017.
             Was an Elder of Trog.
             Slain by a brown ugly thing (7 damage)
             ... on level 8 of the Dungeon.
             The game lasted 00:11:58 (7160 turns).

nikopol the Fighter (Minotaur Berserker)            Turns: 7160, Time: 00:11:58

Health: -3/123     AC:  6    Str: 27    XL:     9   Next: 45%
Magic:  8/8        EV: 14    Int:  4    God:    Trog [****..]
Gold:   475        SH:  0    Dex: 13    Spells: 0 memorised, 8 levels left

rFire  . . .     SeeInvis .     a - +0 trident
rCold  . . .     Gourm    .     n - +0 scale mail (curse)
rNeg   . . .     Faith    .     (no shield)
rPois  .         Spirit   .     w - +1 hat
rElec  .         Reflect  .     y - +0 cloak
rCorr  .         Harm     .     (no gloves)
MR     .....                    (no boots)
Stlth  ..........               (no amulet)
                                (no ring)
                                (no ring)

@: berserking, corroded, drained, very quick
A: retaliatory headbutt, horns 2
a: Berserk, Trog's Hand, Brothers in Arms, Burn Spellbooks, Renounce Religion


You were on level 8 of the Dungeon.
You worshipped Trog.
Trog was greatly pleased with you.
You were very hungry.

You visited 1 branch of the dungeon, and saw 8 of its levels.

You collected 475 gold pieces.

Inventory:

Hand Weapons
 a - a +0 trident (weapon)
 N - a +0 spear
Missiles
 e - 79 arrows (quivered)
Armour
 b - a +0 animal skin
 g - a +0 chain mail
 n - a cursed +0 scale mail (worn)
 w - a +1 hat (worn)
 y - a +0 cloak (worn)
 F - a +0 chain mail of fire resistance
 H - a +2 scale mail of magic resistance
Jewellery
 r - an uncursed amulet of rage {unknown}
 E - an uncursed ring of protection from magic {unknown}
 I - an uncursed ring of poison resistance {unknown}
Wands
 K - a wand of teleportation (4/9)
 M - a wand of flame (18/48)
Scrolls
 d - 8 scrolls of remove curse {unknown}
 f - 7 scrolls of identify {unknown}
 h - 2 scrolls of random uselessness {unknown}
 i - a scroll of fear {unknown}
 j - 5 scrolls of enchant armour {unknown}
 k - 2 scrolls of noise {unknown}
 m - 4 scrolls of teleportation {unknown}
 s - 3 scrolls of enchant weapon {unknown}
 u - 2 scrolls of amnesia {unknown}
 z - a scroll of recharging {unknown}
 L - a scroll of immolation {unknown}
Potions
 o - 2 potions of flight {unknown}
 p - a potion of mutation {unknown}
 t - 5 potions of degeneration {unknown}
 v - 2 potions of cancellation {unknown}
 A - a potion of curing {unknown}
 B - a potion of heal wounds {unknown}
 C - a potion of haste {unknown}
 J - a potion of lignification {unknown}
 P - a potion of ambrosia {unknown}
Comestibles
 c - 5 bread rations
 l - 29 fruits
 q - 2 royal jellies
 x - 2 beef jerkies
 D - a slice of pizza
 G - 3 meat rations
 O - 5 chunks of flesh


   Skills:
 + Level 8.8(7.8) Fighting
 + Level 8.5(7.5) Polearms
 + Level 8.2(7.2) Armour
 + Level 7.4(6.4) Dodging


You had 8 spell levels left.
You didn't know any spells.

Dungeon Overview and Level Annotations

Branches:
Dungeon (8/15)             Temple (0/1) D:7
   Lair: D:8-11

Altars:
Kikubaaqudgha
Xom

Shops:
D:5 [***   D:8 *?


Innate Abilities, Weirdness & Mutations

You reflexively headbutt those who attack you in melee.
You have a pair of horns on your head.


Message History

You are too injured to fight recklessly!
You are too injured to fight recklessly!
You are too injured to fight recklessly!
You are too injured to fight recklessly!
You are too injured to fight recklessly!
You are too injured to fight recklessly!
You are too injured to fight recklessly!
A red film seems to cover your vision as you go berserk!
You feel yourself moving faster!
You feel mighty!
You are feeling very hungry.
The brown ugly thing headbutts you!
* * * LOW HITPOINT WARNING * * *
You are splashed with acid!
The acid burns!
* * * LOW HITPOINT WARNING * * *
You hit the brown ugly thing.
The brown ugly thing is heavily wounded.
You hit the brown ugly thing but do no damage.
The brown ugly thing is heavily wounded.
The brown ugly thing headbutts you!
You die...

#.#..<# # ### #.....#.#
#.. #..##.#.# #.#
#.......# #.#
####.##)###.#.#
............#.#####
#####)..#####..?..####.
#.......)..........
#.....######.@u.....#
#.##..# #........#
#....># #........#
#.#.... #......... ..
#.... #......... .
#.##. #......... ..
.......... #.##.###..


You could see a brown ugly thing.

Vanquished Creatures
  A hippogriff (D:8)
  Duvessa (D:7)
  2 orc warriors
  The ghost of isochron the Ruffian, an amateur TrBe of Trog (D:3)
  2 phantoms
  An ice beast (D:8)
  3 sky beasts (D:6)
  An ogre (D:5)
  2 bullfrogs (D:7)
  A big kobold (D:8)
  Dowan (D:7)
  A scorpion (D:5)
  4 killer bees (D:7)
  4 wights (D:6)
  2 crimson imps
  A howler monkey (D:4)
  4 hounds
  The ghost of Lucio the Conjurer, a weakling VSCj (D:4)
  Crazy Yiuf (D:4)
  An orc priest (D:4)
  4 jellies
  3 orc wizards
  2 bullfrog skeletons (D:6)
  Ijyb (D:2)
  5 worker ants
  4 gnolls (D:6)
  A worker ant zombie (D:5)
  12 adders
  3 oozes
  2 adder zombies
  2 adder skeletons
  2 worms
  A dart slug (D:1)
  4 leopard geckos
  25 orcs
  A giant cockroach (D:6)
  5 goblins
  7 hobgoblins
  3 quokkas
  2 ball pythons
  A bat (D:3)
  7 frilled lizards
  8 kobolds
  2 quokka skeletons
  7 rats
149 creatures vanquished.

Vanquished Creatures (others)
  A wight (D:8)
  A hound (D:8)
2 creatures vanquished.

Grand Total: 151 creatures vanquished

Notes
Turn   | Place    | Note
-------+----------+-------------------------------------------
     0 | D:1      | nikopol the Minotaur Berserker began the quest for the Orb.
     0 | D:1      | Reached XP level 1. HP: 19/19 MP: 0/0
   314 | D:1      | Reached XP level 2. HP: 27/27 MP: 1/1
   829 | D:2      | Reached XP level 3. HP: 33/33 MP: 2/2
   889 | D:2      | Reached ** piety under Trog
   920 | D:2      | Noticed Ijyb
   932 | D:2      | Killed Ijyb
  1060 | D:2      | Reached XP level 4. HP: 41/41 MP: 3/3
  1671 | D:3      | Noticed isochron's ghost (amateur TrBe)
  1682 | D:3      | Killed isochron's ghost
  1682 | D:3      | Reached skill level 5 in Fighting
  1682 | D:3      | Reached XP level 5. HP: 27/48 MP: 4/4
  2269 | D:4      | Reached skill level 5 in Polearms
  2324 | D:4      | Reached XP level 6. HP: 56/56 MP: 5/5
  2762 | D:4      | Reached *** piety under Trog
  2872 | D:4      | Reached XP level 7. HP: 47/62 MP: 6/6
  2944 | D:4      | Reached skill level 5 in Armour
  3100 | D:4      | Noticed Lucio's ghost (weakling VSCj)
  3104 | D:4      | Killed Lucio's ghost
  3377 | D:4      | Found a runed door.
  3608 | D:4      | Noticed Crazy Yiuf
  3617 | D:4      | Killed Crazy Yiuf
  3848 | D:5      | Entered Level 5 of the Dungeon
  3895 | D:5      | Found a shimmering altar of Xom.
  3929 | D:5      | Found Jehaxkeu's Assorted Antiques.
  3952 | D:5      | Reached skill level 5 in Dodging
  4113 | D:5      | Found an ancient bone altar of Kikubaaqudgha.
  4173 | D:5      | Found Resimus's General Store.
  4203 | D:5      | Found Ucsauzyn's Armour Shoppe.
  4301 | D:5      | Found Koatuich's General Store.
  4477 | D:6      | Reached XP level 8. HP: 71/71 MP: 7/7
  4827 | D:6      | Reached **** piety under Trog
  5696 | D:7      | Reached XP level 9. HP: 54/81 MP: 8/8
  6027 | D:7      | Found a staircase to the Ecumenical Temple.
  6262 | D:7      | Noticed Dowan
  6264 | D:7      | Noticed Duvessa
  6276 | D:7      | Killed Dowan
  6298 | D:7      | Killed Duvessa
  6705 | D:8      | Found Aclew's Magic Scroll Boutique.
  6719 | D:8      | Found Lanerch's Assorted Antiques.
  7147 | D:8      | Noticed a brown ugly thing
  7158 | D:8      | HP: 4/123 [acid (10)]
  7160 | D:8      | Slain by a brown ugly thing

Skill      XL: |  1  2  3  4  5  6  7  8  9 |
---------------+----------------------------+-----
Polearms       | 4 5 6 7 8 |  8.5
Fighting       | 4 5 6 8 |  8.8
Armour         | 3 4 5 7 8 |  8.2
Dodging        | 3 4 5 6 7 |  7.4

Action                   |  1- 3 |  4- 6 |  7- 9 || total
-------------------------+-------+-------+-------++-------
Melee: Spear             |    85 |   193 |   403 ||   681
       Headbutt          |    11 |    29 |    74 ||   114
       Trident           |       |       |    26 ||    26
Invok: Berserk           |       |     1 |     5 ||     6
 Stab: Distracted        |       |       |     1 ||     1
  Eat: Chunk             |       |     7 |    16 ||    23
       Beef jerky        |       |       |     1 ||     1
Armor: Animal skin       |     3 |       |       ||     3
       Scale mail        |    14 |    37 |   106 ||   157
Dodge: Dodged            |    31 |    71 |   183 ||   285
